 Dungeon Crawl Stone Soup version 0.22.1-1-ga44c0e5 (webtiles) character file.

126 sbiou the Cutter (level 5, -5/40 HPs)
             Began as a Gnoll Wanderer on Sept 20, 2018.
             Killed by divine providence
             ... invoked by an orc priest
              (11 damage)
             ... on level 3 of the Dungeon.
             The game lasted 00:06:14 (1718 turns).

sbiou the Cutter (Gnoll Wanderer)                   Turns: 1718, Time: 00:06:15

Health: -5/40      AC:  2    Str: 16    XL:     5   Next: 10%
Magic:  7/7        EV: 11    Int: 13    God:
Gold:   47         SH:  0    Dex: 13    Spells: 6/6 levels left

rFire    . . .     SeeInvis .   a - +2 short sword
rCold    . . .     Gourm    .   (no shield)
rNeg     . . .     Faith    .   h - +0 leather armour
rPois    .         Spirit   .   (no helmet)
rElec    .         Reflect  .   (no cloak)
rCorr    .         Harm     .   (no gloves)
MR       .....                  l - +0 pair of boots
Stlth    ++........             (no amulet)
HPRegen  0.13/turn              (no ring)
MPRegen  0.10/turn              (no ring)

@: no status effects
A: distributed training, fangs 1, deformed body, sense surroundings 1, weak 1,
evolution 1, strong nose
a: no special abilities


You were on level 3 of the Dungeon.
You were hungry.

You visited 1 branch of the dungeon, and saw 3 of its levels.

You collected 47 gold pieces.

Inventory:

Hand Weapons
 a - a +2 short sword (weapon)
Missiles
 k - 2 javelins (quivered)
Armour
 h - a +0 leather armour (worn)
 l - a +0 pair of boots (worn)
Scrolls
 e - 4 scrolls of identify
 g - a scroll of amnesia {unknown}
 i - a scroll of noise {unknown}
 j - 2 scrolls of teleportation {unknown}
Potions
 f - a potion of flight
Comestibles
 d - 4 rations


   Skills:
 + Level 2.8 Fighting
 + Level 6.6 Short Blades
 + Level 1.3 Long Blades
 + Level 1.3 Axes
 + Level 1.3 Maces & Flails
 + Level 1.3 Polearms
 + Level 1.3 Staves
 + Level 1.3 Slings
 + Level 1.3 Bows
 + Level 1.3 Crossbows
 + Level 2.8 Throwing
 + Level 1.3 Armour
 + Level 1.3 Dodging
 + Level 2.6 Stealth
 + Level 1.3 Shields
 + Level 1.3 Unarmed Combat
 + Level 1.3 Spellcasting
 + Level 1.0 Conjurations
 + Level 1.0 Hexes
 + Level 1.0 Charms
 + Level 1.0 Summonings
 + Level 1.0 Necromancy
 + Level 1.0 Translocations
 + Level 1.0 Transmutations
 + Level 1.0 Fire Magic
 + Level 3.9 Ice Magic
 + Level 2.3 Air Magic
 + Level 1.0 Earth Magic
 + Level 1.0 Poison Magic
 + Level 1.4 Invocations
 + Level 2.8 Evocations


You had 6 spell levels left.
You didn't know any spells.
Your spell library was empty.

Dungeon Overview and Level Annotations

Branches:
Dungeon (3/15)

Altars:
Gozag
Yredelemnul


Innate Abilities, Weirdness & Mutations

Your experience applies equally to all skills.
You have very sharp teeth.
Your uncanny sense of smell can sniff out nearby items.
Armour fits poorly on your strangely shaped body.
You passively map a small area around you.
You are weak. (Str -2)
You evolve.


Message History

You are too injured to fight recklessly!
You hit the orc.
The orc is heavily wounded.
You hit the orc.
You kill the orc!
The orc priest completely misses you.
You barely miss the orc priest. You bite the orc priest.
The orc priest is lightly wounded.
The orc priest hits you with a hand axe of chopping!
* * * LOW HITPOINT WARNING * * *
x2 You hit the orc priest but do no damage.
The orc priest is lightly wounded.
You feel better.
The orc priest hits you with a hand axe of chopping!
* * * LOW HITPOINT WARNING * * *
x2 You hit the orc priest but do no damage.
The orc priest is lightly wounded.
The orc priest mumbles some strange prayers to Beogh against you.
Beogh smites you!
You die...

, * * , , * * *, , , ##
* #., #o#### , , ,#.@..#
._....)##)# .....## #)#
, ....* #.# . ...### #.#
.########## #.# #.#
.†..)....####.# #.#
##.##.##.##.#.#
##.######
#.##.##.#.#..###....(..#


You could see an orc priest.

Vanquished Creatures
  An orc priest (D:3)
  A gnoll (D:1)
  2 adders (D:3)
  3 dart slugs
  6 orcs (D:3)
  6 bats
  2 giant cockroaches
  12 goblins
  6 hobgoblins
  3 jackals (D:1)
  3 kobolds
  A quokka (D:2)
  3 frilled lizards (D:1)
  8 rats
57 creatures vanquished.

Notes
Turn   | Place    | Note
-------+----------+-------------------------------------------
     0 | D:1      | sbiou the Gnoll Wanderer began the quest for the Orb.
     0 | D:1      | sbiou set off with: a +2 short sword, a potion of curing, a
                  | +0 robe, a ration
     0 | D:1      | Reached XP level 1. HP: 17/17 MP: 2/2
    73 | D:1      | Reached XP level 2. HP: 19/23 MP: 3/3
   512 | D:1      | Reached XP level 3. HP: 25/28 MP: 4/4
   618 | D:1      | Reached skill level 1 in Invocations
  1132 | D:2      | Reached skill level 1 in Long Blades
  1132 | D:2      | Reached skill level 1 in Axes
  1132 | D:2      | Reached skill level 1 in Maces & Flails
  1132 | D:2      | Reached skill level 1 in Polearms
  1132 | D:2      | Reached skill level 1 in Staves
  1132 | D:2      | Reached skill level 1 in Slings
  1132 | D:2      | Reached skill level 1 in Bows
  1132 | D:2      | Reached skill level 1 in Crossbows
  1132 | D:2      | Reached skill level 1 in Armour
  1132 | D:2      | Reached skill level 1 in Dodging
  1132 | D:2      | Reached skill level 1 in Shields
  1132 | D:2      | Reached skill level 1 in Unarmed Combat
  1132 | D:2      | Reached skill level 1 in Spellcasting
  1312 | D:3      | Reached XP level 4. HP: 34/34 MP: 6/6
  1320 | D:3      | Found a basalt altar of Yredelemnul.
  1358 | D:3      | Reached skill level 1 in Conjurations
  1358 | D:3      | Reached skill level 1 in Hexes
  1358 | D:3      | Reached skill level 1 in Charms
  1358 | D:3      | Reached skill level 1 in Summonings
  1358 | D:3      | Reached skill level 1 in Necromancy
  1358 | D:3      | Reached skill level 1 in Translocations
  1358 | D:3      | Reached skill level 1 in Transmutations
  1358 | D:3      | Reached skill level 1 in Fire Magic
  1358 | D:3      | Reached skill level 1 in Earth Magic
  1358 | D:3      | Reached skill level 1 in Poison Magic
  1359 | D:3      | Gained mutation: You are weak. (Str -2) [potion of
                  | mutation]
  1359 | D:3      | Gained mutation: Armour fits poorly on your strangely
                  | shaped body. [potion of mutation]
  1359 | D:3      | Gained mutation: You passively map a small area around you.
                  | [potion of mutation]
  1359 | D:3      | Gained mutation: You evolve. [potion of mutation]
  1616 | D:3      | Reached XP level 5. HP: 39/40 MP: 7/7
  1709 | D:3      | Found an opulent altar of Gozag.
  1718 | D:3      | Killed from afar by an orc priest

Skill      XL: |  1  2  3  4 |
---------------+-------------+-----
Air Magic      | 2 |  2.3
Invocations    | 1 |  1.4
Long Blades    | 1 |  1.3
Axes           | 1 |  1.3
Maces & Flails | 1 |  1.3
Polearms       | 1 |  1.3
Staves         | 1 |  1.3
Slings         | 1 |  1.3
Bows           | 1 |  1.3
Crossbows      | 1 |  1.3
Armour         | 1 |  1.3
Dodging        | 1 |  1.3
Shields        | 1 |  1.3
Unarmed Combat | 1 |  1.3
Spellcasting   | 1 |  1.3
Conjurations   | 1 |  1.0
Hexes          | 1 |  1.0
Charms         | 1 |  1.0
Summonings     | 1 |  1.0
Necromancy     | 1 |  1.0
Translocations | 1 |  1.0
Transmutations | 1 |  1.0
Fire Magic     | 1 |  1.0
Earth Magic    | 1 |  1.0
Poison Magic   | 1 |  1.0
Fighting       | |  2.8
Short Blades   | |  6.6
Throwing       | |  2.8
Stealth        | |  2.6
Ice Magic      | |  3.9
Evocations     | |  2.8

Action                   |  1- 3 |  4- 6 || total
-------------------------+-------+-------++-------
Melee: Short sword       |   105 |    57 ||   162
       Bite              |     9 |     7 ||    16
       Punch             |       |     1 ||     1
  Use: Scroll            |     2 |       ||     2
       Potion            |       |     6 ||     6
 Stab: Sleeping          |     4 |     1 ||     5
  Eat: Chunk             |     1 |     1 ||     2
Armor: Robe              |     8 |       ||     8
       Leather armour    |    10 |    13 ||    23
Dodge: Dodged            |    52 |    27 ||    79
